 Dungeon Crawl Stone Soup version 0.30.0-29-ga12c61a403 (webtiles) character file.

Game seed: 2630732715834172826

133 cdecastro the Grasshopper (level 4, 0/38 HPs)
             Began as an Armataur Warper on June 22, 2023.
             Slain by an adder (1 damage)
             ... on level 3 of the Dungeon.
             The game lasted 00:05:49 (2941 turns).

cdecastro the Grasshopper (Armataur Warper)         Turns: 2941, Time: 00:05:49

Health: 0/38       AC:  9    Str: 16    XL:     4   Next: 94%
Magic:  6/6        EV:  8    Int: 14    God:
Gold:   194        SH:  0    Dex: 11    Spells: 6/6 levels left

rFire   . . .        a - +0 falchion
rCold   . . .        (no shield)
rNeg    . . .        k - +4 ring mail
rPois   .            (no helmet)
rElec   .            (no cloak)
rCorr   .            (no gloves)
SInv    .            (no barding)
Will    .....        (no amulet)
Stlth   +            (no ring)
HPRegen 0.26/turn    (no ring)
MPRegen 0.10/turn

%: roll
@: lethally poisoned (0 -> -3), hasted, very quick
A: large, rugged brown scales 3, deformed body, armoured tail, roll, long
tongue, awkward tongue
a: no special abilities


You were on level 3 of the Dungeon.
You visited 1 branch of the dungeon, and saw 4 of its levels.

You collected 194 gold pieces.

Inventory:

Hand Weapons
 a - a +0 falchion (weapon)
Missiles
 f - 5 poisoned darts (quivered)
Armour
 b - a +0 leather armour
 k - a +4 ring mail (worn)
Jewellery
 q - a ring of resist corrosion
Scrolls
 c - 2 scrolls of blinking
 e - 4 scrolls of fog {unknown}
 h - a scroll of amnesia {unknown}
 i - a scroll of teleportation {unknown}
 j - 2 scrolls of identify {unknown}
 n - a scroll of enchant weapon {unknown}
 p - a scroll of immolation {unknown}
Potions
 g - 4 potions of heal wounds {unknown}
 l - 2 potions of haste
 m - a potion of resistance {unknown}
 o - a potion of attraction {unknown}
 r - a potion of brilliance {unknown}


   Skills:
 - Level 1.7 Fighting
 + Level 3.5 Long Blades
 - Level 0.8 Throwing
 - Level 1.2 Armour
 - Level 1.3 Dodging
 - Level 1.7 Spellcasting
 + Level 4.5 Translocations


You had 6 spell levels left.
You didn't know any spells.
Your spell library contained the following spells:

 Spells                   Type           Power      Damage    Failure   Level
 Blink                    Tloc           26%        N/A       11%         2
 Lesser Beckoning         Tloc           26%        N/A       11%         2
 Teleport Other           Tloc           13%        N/A       22%         3
 Foxfire                  Conj/Fire      4%         2x1d4     43%         1
 Vhi's Electric Charge    Tloc/Air       14%        N/A       50%         3
 Manifold Assault         Tloc           13%        N/A       58%         4
 Frozen Ramparts          Ice            2%         1d1       80%         3
 Ice Form                 Ice/Tmut       1%         N/A       99%         4
 Summon Ice Beast         Ice/Summ       1%         N/A       99%         4
 Fireball                 Conj/Fire      0%         3d3       100%        5
 Conjure Ball Lightning   Conj/Air       0%         3x3d6     100%        6
 Plasma Beam              Fire/Air       0%         2x1d11    100%        6
 Starburst                Conj/Fire      0%         6d3       100%        6
 Discord                  Hex            0%         N/A       100%        8
 Disjunction              Tloc           6%         N/A       100%        8


Dungeon Overview and Level Annotations

Branches:
Dungeon (4/15)
 Temple: D:4-7

Altars:
Kikubaaqudgha
Qazlal
Ru


Innate Abilities, Weirdness & Mutations

You are completely covered in rugged brown scales. (AC +3, +7% HP)
Armour fits poorly on your strangely shaped body.
You have a long armoured tail.
You roll when moving toward enemies. (Rampage)
Your long tongue fully drains potion bottles. (2x potion effects)
Your tongue gives you trouble enunciating. (1.5x scroll delay)


Message History

You throw a boomerang of dispersal.
The boomerang of dispersal barely misses the adder.
* * * LOW HITPOINT WARNING * * *
You feel sick.
You are no longer poisoned.
The adder bites you but does no damage.
Unknown command.
Throw: 3 boomerangs (disperse)
Press: ? - help, Q - select action, (/) - cycle Shift-Dir - straight line, f/p - adder
Aim: an adder (heavily wounded, 32% to hit)
You throw a boomerang of dispersal.
The boomerang of dispersal barely misses the adder.
The adder bites you but does no damage. x2
Throw: 2 boomerangs (disperse)
Press: ? - help, Q - select action, (/) - cycle Shift-Dir - straight line, f/p - adder
Aim: an adder (heavily wounded, 32% to hit)
You throw a boomerang of dispersal.
The boomerang of dispersal closely misses the adder.
The adder bites you but does no damage. x2
Throw: boomerang (disperse)
Press: ? - help, Q - select action, (/) - cycle Shift-Dir - straight line, f/p - adder
Aim: an adder (heavily wounded, 32% to hit)
You throw a boomerang of dispersal.
The boomerang of dispersal barely misses the adder.
The adder bites you but does no damage.
Throw: 6 darts (poison)
Press: ? - help, Q - select action Shift-Dir - straight line, f/p - adder
Aim: an adder (heavily wounded, 32% to hit)
You throw a poisoned dart. The poisoned dart hits the adder.
The adder is poisoned.
The adder is heavily wounded.
The adder bites you.
* * * LOW HITPOINT WARNING * * *
You are lethally poisoned!
The adder poisons you!
It was a potion of haste.
You feel yourself speed up.
You slurp down every last drop of the potion of haste!
* * * LOW HITPOINT WARNING * * *
You feel sick. The adder barely misses you. The adder bites you.
You die...

#..# #.# # #..# #.#
# #..# #.# # #..#
#.# # #..# #.# #
#..# ##.# # #..#
#..# #
#..######.########
#@................
###S######.########
#.....# #.# ####
#.....####.#####...
#........<.......#.
#.....####.###.#...
#.....# #.##..####
###.### #.#...# #
#.# ###.### #


You could see an adder (poisoned).

Vanquished Creatures
  A hound (D:3)
  An iguana (D:4)
  2 adders (D:2)
  A dart slug (D:2)
  3 ball pythons
  A bat (D:1)
  2 endoplasms
  3 giant cockroaches
  7 goblins
  6 hobgoblins
  10 jackals (D:2)
  4 kobolds
  2 quokkas (D:1)
  2 frilled lizards (D:2)
  6 rats
51 creatures vanquished.

Notes
Turn   | Place    | Note
-------+----------+-------------------------------------------
     0 | D:1      | cdecastro the Armataur Warper began the quest for the Orb.
     0 | D:1      | Reached XP level 1. HP: 18/18 MP: 3/3
   328 | D:1      | Reached XP level 2. HP: 23/25 MP: 4/4
  1130 | D:2      | Reached XP level 3. HP: 5/31 MP: 5/5
  1744 | D:2      | Reached skill level 4 in Translocations
  1848 | D:2      | Found a faded altar of an unknown god.
  2119 | D:3      | Reached XP level 4. HP: 38/38 MP: 6/6
  2503 | D:3      | Found a sacrificial altar of Ru.
  2620 | D:3      | Found an ancient bone altar of Kikubaaqudgha.
  2794 | D:3      | Found a stormy altar of Qazlal.
  2936 | D:3      | HP: 1/38 [poisoned by an adder]
  2941 | D:3      | HP: 1/38 [poisoned by an adder]
  2941 | D:3      | Slain by an adder

Illustrated notes

Levels and vault maps discovered:
D:1:      evilmike_arrival_plus, layout_loops_corners
D:2:      layout_loops_ring, chequers_ecumenical_altar_lobes,
          nicolae_elevator_lobby_asterisk
D:3:      layout_loops_ring, grunt_qazlal_clouds, nicolae_ru_path_of_blood,
          kiku_gazebo_pond_becter, kennysheep_generic_room_2
D:4:      layout_basic, uniq_robin

Skill      XL: |  1  2  3 |
---------------+----------+-----
Long Blades    | 2 3 |  3.5
Translocations | 4 |  4.5
Fighting       | |  1.7
Throwing       | |  0.8
Armour         | |  1.2
Dodging        | |  1.3
Spellcasting   | |  1.7

Action                     |  1- 3 |  4- 6 || total
---------------------------+-------+-------++-------
  Melee: Falchion          |   171 |    42 ||   213
         Tailslap          |    15 |     4 ||    19
         Punch             |     1 |     3 ||     4
  Throw: Boomerang         |       |     7 ||     7
         Dart              |       |     1 ||     1
    Use: Potion            |       |     1 ||     1
 Armour: Leather armour    |     8 |       ||     8
         Ring mail         |    97 |    23 ||   120
  Dodge: Dodged            |    83 |    20 ||   103
